[Event "Titled Tuesday Blitz June 13 Early 2023"]
[White "Toczek, Grzegorz"]
[Black "Graham, Nathaniel"]
[WhiteFideId "1106457"]
[BlackFideId "2007983"]
[WhiteElo "2093"]
[BlackElo "2074"]
[Result "1/2-1/2"]
[Round "3"]
[TimeControl "180+2"]
[Date "2023.06.13"]
[WhiteClock "0:00:18"]
[BlackClock "0:00:08"]
[Board "183"]

1. Nf3 d5 2. g3 c6 3. Bg2 Bg4 4. O-O Nd7 5. d3 e5 6. Nbd2 Ngf6 7. h3 Bh5 8. e4 dxe4 9. dxe4 Bc5 10. Qe2 Qc7 11. g4 Bg6 12. Nh4 O-O 13. Nf5 Rfe8 14. Nc4 Nf8 15. Bg5 N6d7 16. Rad1 Ne6 17. Bc1 Nf4 18. Bxf4 exf4 19. Nfd6 Re6 20. Nf5 b5 21. Nd2 Ne5 22. Nf3 f6 23. b3 Bf7 24. Rd2 Ree8 25. Rfd1 Rad8 26. Rxd8 Rxd8 27. Nxe5 fxe5 28. Bf1 Qb6 29. Rxd8+ Qxd8 30. Qd3 Qxd3 31. Bxd3 Kf8 32. Kg2 g6 33. Nh4 Ke7 34. Nf3 Kf6 35. h4 h6 36. c4 b4 37. Be2 g5 38. hxg5+ hxg5 39. Ne1 Bd4 40. Nd3 Be6 41. Nxb4 Bd7 42. Nd3 Ke6 43. f3 Kd6 44. Bd1 Kc7 45. b4 Kb6 46. Bb3 c5 47. b5 Ka5 48. Kf1 a6 49. a4 axb5 50. axb5 Be6 51. Ke2 Kb6 52. Ne1 Bf7 53. Nc2 Bc3 54. Kd3 Bb2 55. Ne1 Ka5 56. Kc2 Bd4 57. Nd3 Kb6 58. Ba2 Ka5 59. Kb3 Kb6 60. Bb1 Ka5 61. Nc1 Kb6 62. Bc2 Ka5 63. Bd3 Be3 64. Ne2 Bd4 65. Nc3 Bxc3 66. Kxc3 Kb6 67. Kb3 Be6 68. Ka4 Bf7 69. Be2 Be6 70. Bd3 Bf7 71. Be2 Be6 72. Bd3 1/2-1/2


[Site "https://www.chess.com"]

[Event "Titled Tuesday Blitz June 13 Early 2023"]
[White "Bryakin, Mikhail"]
[Black "Dishman, Stephen"]
[WhiteFideId "4165314"]
[BlackFideId "403024"]
[WhiteElo "2464"]
[BlackElo "2204"]
[Result "1-0"]
[Round "3"]
[TimeControl "180+2"]
[Date "2023.06.13"]
[WhiteClock "0:02:06"]
[BlackClock "0:00:59"]
[Board "184"]

1. e4 d6 2. d4 Nf6 3. Nc3 e5 4. Nf3 Nbd7 5. Be2 Be7 6. O-O O-O 7. h3 c6 8. Be3 Re8 9. Qd2 a6 10. Rfe1 b5 11. a3 Bb7 12. Rad1 Bf8 13. Bg5 h6 14. Bh4 Qc7 15. Bf1 g6 16. Bg3 Bg7 17. dxe5 dxe5 18. Qd6 Qxd6 19. Rxd6 Rad8 20. Red1 Bf8 21. R6d2 b4 22. axb4 Bxb4 23. Bxe5 Nxe4 24. Rxd7 Rxd7 25. Rxd7 Bc8 26. Nxe4 Bxd7 27. Nf6+ Kf8 28. Nxe8 Kxe8 29. Bxa6 Ke7 30. c3 Bc5 31. b4 Bb6 32. Bd4 Bc7 33. Bc5+ 1-0


[Site "https://www.chess.com"]

[Event "Titled Tuesday Blitz June 13 Early 2023"]
[White "Sovetbekova, Nurai"]
[Black "Makhnev, Denis"]
[WhiteFideId "13801910"]
[BlackFideId "13707647"]
[WhiteElo "1857"]
[BlackElo "2515"]
[Result "0-1"]
[Round "3"]
[TimeControl "180+2"]
[Date "2023.06.13"]
[WhiteClock "0:00:00"]
[BlackClock "0:00:05"]
[Board "185"]

1. d4 d5 2. c4 c6 3. Nf3 Nf6 4. g3 dxc4 5. Bg2 b5 6. O-O e6 7. a4 Bb7 8. Ne5 a6 9. b3 cxb3 10. Qxb3 Be7 11. axb5 axb5 12. Rxa8 Bxa8 13. Bb2 O-O 14. Nd2 Qb6 15. Ndc4 Qc7 16. Na3 Nbd7 17. Rc1 Nxe5 18. dxe5 Nd5 19. Nxb5 Qb8 20. Nd4 Qxb3 21. Nxb3 Rb8 22. Bxd5 exd5 23. Ra1 h5 24. Bd4 Kh7 25. Nc5 Kg6 26. Ra7 Bxc5 27. Bxc5 Rb1+ 28. Kg2 Bb7 29. Ra2 Rb5 30. Rc2 Bc8 31. f3 Bf5 32. Rc1 Rb2 33. Kf1 Bc2 34. Bd6 Kf5 35. Ke1 Ke6 36. Kd2 Ba4+ 37. Kc3 Rxe2 38. Ra1 Bb5 39. Ra7 Re3+ 40. Kd2 Rd3+ 41. Kc2 f6 42. Re7+ Kf5 43. g4+ hxg4 44. fxg4+ Kxg4 45. Rxg7+ Kf5 46. Rf7 Ke4 47. exf6 Rf3 48. Re7+ Kd4 49. f7 Bd3+ 50. Kb2 Bg6 51. Ra7 Bxf7 52. Ra4+ Kd3 53. Ra3+ Ke4 54. Ra4+ Kf5 55. Bg3 Ke6 56. Ra7 Rf5 57. Kc3 d4+ 58. Kxd4 Rd5+ 59. Kc3 Bg6 60. Ra6 Kd7 61. Ra7+ Ke6 62. Rc7 Rc5+ 63. Kb4 Rc2 64. Rc8 Be4 65. Kb3 Rc1 66. Kb2 Rb1+ 67. Kc3 Bd5 68. Re8+ Kd7 69. Rh8 Rf1 70. Rh7+ Ke6 71. Rh6+ Kf5 72. Rh8 Ke4 73. Re8+ Kf3 74. Kd2 Rh1 75. Re3+ Kg2 76. Re2+ Kh3 77. Ke3 Rb1 78. Kf4 Rb3 0-1


[Site "https://www.chess.com"]

[Event "Titled Tuesday Blitz June 13 Early 2023"]
[White "ChawitAp"]
[Black "Ezat, Mohamed"]
[BlackFideId "10600906"]
[WhiteElo "2349"]
[BlackElo "2372"]
[Result "0-1"]
[Round "3"]
[TimeControl "180+2"]
[Date "2023.06.13"]
[WhiteClock "0:01:01"]
[BlackClock "0:01:38"]
[Board "186"]

1. d4 e6 2. Nf3 Nf6 3. Bg5 Be7 4. Nbd2 d5 5. c3 O-O 6. h4 c5 7. dxc5 Bxc5 8. e3 h6 9. Bf4 Nc6 10. Ne5 Bd6 11. Ndf3 Qc7 12. Nxc6 bxc6 13. Bxd6 Qxd6 14. Be2 Rb8 15. Qc2 e5 16. O-O e4 17. Nd2 Bg4 18. Bxg4 Nxg4 19. g3 Nxe3 20. fxe3 Qxg3+ 21. Kh1 Qh3+ 22. Kg1 Qxe3+ 23. Kg2 Qe2+ 24. Kh3 e3 25. Rfd1 exd2 26. Rxd2 Qf3+ 27. Kh2 Rfe8 28. Rg2 Re4 29. Qf2 Qxf2 30. Rxf2 Rxh4+ 31. Kg3 Re4 32. Raf1 Rb7 33. b3 Re3+ 34. Rf3 Rxf3+ 35. Rxf3 Re7 36. Kf4 g6 37. c4 Re4+ 38. Kg3 dxc4 39. bxc4 Rxc4 40. Ra3 h5 41. Rxa7 g5 42. a4 Rc3+ 43. Kg2 h4 44. Ra5 f6 45. Ra7 g4 46. a5 Rc2+ 47. Kg1 g3 0-1


[Site "https://www.chess.com"]

[Event "Titled Tuesday Blitz June 13 Early 2023"]
[White "Shapiro, Daniel"]
[Black "Perez, Maximiliano"]
[WhiteFideId "2001780"]
[BlackFideId "117234"]
[WhiteElo "2339"]
[BlackElo "2334"]
[Result "0-1"]
[Round "3"]
[TimeControl "180+2"]
[Date "2023.06.13"]
[WhiteClock "0:00:00"]
[BlackClock "0:01:45"]
[Board "187"]

1. d4 Nf6 2. c4 e6 3. g3 d5 4. Nf3 Bb4+ 5. Bd2 Be7 6. Qc2 O-O 7. Bg2 Ne4 8. Bf4 c6 9. O-O Nd7 10. Rd1 g5 11. Bc1 f5 12. Ne5 Nxe5 13. dxe5 Bc5 14. e3 Qb6 15. a3 a5 16. Nc3 Nxc3 17. Qxc3 Bd7 18. b3 Be8 19. Rb1 Bh5 20. Rd2 Rad8 21. b4 axb4 22. axb4 d4 23. exd4 Bxd4 24. Qb3 Bxf2+ 25. Rxf2 Rd1+ 26. Bf1 Qd4 27. Bb2 Rxb1 28. Bxd4 Rxb3 29. Kg2 Rd8 30. Bc5 Rd1 31. Be2 Bxe2 32. Rxe2 Rbd3 33. Bd6 R1d2 34. Kf2 Rxe2+ 35. Kxe2 Rc3 36. c5 Rb3 37. Kf2 Rxb4 38. h3 Kf7 39. Kf3 Kg6 40. g4 Rb3+ 41. Kg2 h5 0-1


[Site "https://www.chess.com"]

[Event "Titled Tuesday Blitz June 13 Early 2023"]
[White "Venkatesh, M.R."]
[Black "Mayaud, Raphael"]
[WhiteFideId "5005779"]
[BlackFideId "627151"]
[WhiteElo "2450"]
[BlackElo "2191"]
[Result "0-1"]
[Round "3"]
[TimeControl "180+2"]
[Date "2023.06.13"]
[WhiteClock "0:00:01"]
[BlackClock "0:00:06"]
[Board "188"]

1. e4 d5 2. exd5 Qxd5 3. Nc3 Qa5 4. d4 c6 5. Nf3 Nf6 6. Bd2 Bf5 7. Bc4 e6 8. O-O Qc7 9. Ne5 Nbd7 10. Re1 Nxe5 11. dxe5 Ng4 12. Qe2 Bc5 13. Ne4 Bxe4 14. Qxg4 Bg6 15. h4 h5 16. Qg3 O-O-O 17. Bg5 Rd4 18. Qc3 Qb6 19. Be3 Rd7 20. Bxe6 fxe6 21. Bxc5 Qd8 22. Qg3 Bxc2 23. Bd6 Qb6 24. b4 Ba4 25. a3 a6 26. Rac1 Bb5 27. Qg6 Qd4 28. Qxe6 Qxh4 29. Rcd1 Rd8 30. Qf5 Qg4 31. Qxg4 hxg4 32. e6 Rxd6 33. Rxd6 Rxd6 34. e7 c5 35. bxc5 Rd3 36. e8=Q+ Bxe8 37. Rxe8+ Kc7 38. Rg8 Rxa3 39. Rxg7+ Kc6 40. Rxg4 a5 41. Rc4 Kb5 42. Rc1 a4 43. g4 Rb3 44. g5 a3 45. f4 a2 46. g6 Rb1 47. g7 Rxc1+ 48. Kg2 Rc2+ 49. Kf3 Rc3+ 50. Kf2 Rc2+ 51. Kf3 a1=Q 52. g8=Q Qc3+ 53. Ke4 Re2+ 54. Kf5 Qd3+ 55. Kf6 Qd4+ 56. Kf5 Qe4+ 57. Kf6 Qxf4+ 58. Kg6 Rg2+ 0-1


[Site "https://www.chess.com"]

[Event "Titled Tuesday Blitz June 13 Early 2023"]
[White "Bintang, Rasyid A. Hidayat"]
[Black "Bodnaruk, Anastasia"]
[WhiteFideId "7105355"]
[BlackFideId "4181751"]
[WhiteElo "2336"]
[BlackElo "2304"]
[Result "0-1"]
[Round "3"]
[TimeControl "180+2"]
[Date "2023.06.13"]
[WhiteClock "0:01:00"]
[BlackClock "0:00:14"]
[Board "189"]

1. d4 Nf6 2. Bf4 g6 3. Nc3 d5 4. e3 Bg7 5. h3 O-O 6. Nf3 c5 7. dxc5 Qa5 8. Be2 Ne4 9. O-O Nxc3 10. bxc3 Qxc5 11. Be5 f6 12. Bd4 Qc6 13. c4 dxc4 14. Bc3 e5 15. Nd2 Be6 16. Bf3 Qc7 17. Rb1 Nc6 18. Qe2 Qf7 19. Ne4 Rfd8 20. Nc5 Rab8 21. Nxb7 Rxb7 22. Bxc6 Rb6 23. Rxb6 axb6 24. Rb1 Qc7 25. Bf3 Bf8 26. Bg4 f5 27. Rb5 Bc5 28. Bf3 e4 29. Bh5 Qf7 30. Bf3 exf3 31. Qxf3 Qd7 32. Rb1 Qd5 33. Qf4 Bd6 34. Qh6 Be5 35. Bb4 Qd1+ 0-1


[Site "https://www.chess.com"]

[Event "Titled Tuesday Blitz June 13 Early 2023"]
[White "Peycheva, Gergana"]
[Black "Georg, Heinz"]
[WhiteFideId "2916711"]
[BlackFideId "4607295"]
[WhiteElo "2216"]
[BlackElo "2334"]
[Result "1-0"]
[Round "3"]
[TimeControl "180+2"]
[Date "2023.06.13"]
[WhiteClock "0:00:05"]
[BlackClock "0:00:07"]
[Board "190"]

1. d4 f5 2. g3 Nf6 3. Bg2 g6 4. Nh3 Bg7 5. Nf4 O-O 6. h4 d6 7. d5 e5 8. dxe6 c6 9. h5 gxh5 10. c4 Na6 11. Nc3 Qe7 12. Nxh5 Nxh5 13. Rxh5 Bxe6 14. Bg5 Qf7 15. Rh4 Bxc4 16. Qxd6 Rae8 17. Bf3 Re6 18. Qd2 b5 19. Kf1 Nc7 20. Rc1 Rfe8 21. Kg2 Nd5 22. Nxd5 Bxd5 23. Bxd5 cxd5 24. Qxd5 Rxe2 25. Qxf7+ Kxf7 26. Rc7+ Kg6 27. Bf4 Bf6 28. Rh6# 1-0


[Site "https://www.chess.com"]

[Event "Titled Tuesday Blitz June 13 Early 2023"]
[White "Toncheva, Nadya"]
[Black "Gertler, David"]
[WhiteFideId "2924056"]
[BlackFideId "2017377"]
[WhiteElo "2101"]
[BlackElo "2330"]
[Result "1-0"]
[Round "3"]
[TimeControl "180+2"]
[Date "2023.06.13"]
[WhiteClock "0:00:07"]
[BlackClock "0:00:00"]
[Board "191"]

1. d4 Nf6 2. c4 Nc6 3. Nc3 e5 4. d5 Ne7 5. e4 Ng6 6. h4 h5 7. Bd3 Be7 8. Nge2 d6 9. Bd2 a5 10. Qc2 Nd7 11. g3 Nc5 12. Be3 b6 13. f3 Nxh4 14. gxh4 Bxh4+ 15. Kd2 Bg5 16. Rag1 Bxe3+ 17. Kxe3 g6 18. Kd2 Qf6 19. Rf1 h4 20. Kc1 h3 21. Qd2 Qh4 22. Bc2 Bd7 23. Nd1 O-O-O 24. Rh2 f5 25. Nec3 f4 26. Qf2 Qf6 27. Rg1 g5 28. b3 Rdg8 29. a3 g4 30. fxg4 Rxg4 31. b4 axb4 32. axb4 Na6 33. Ba4 Qg5 34. Bxd7+ Kxd7 35. Rxg4 Qxg4 36. Qa2 Qg3 37. Rh1 Qg2 38. Qa4+ Ke7 39. Re1 h2 40. Qxa6 h1=Q 41. Rxh1 Rxh1 42. Qc8 f3 43. Qxc7+ Ke8 44. Qc6+ Ke7 45. Qc7+ Ke8 46. Qc8+ Kf7 47. Qe6+ Kg7 48. Qe7+ Kg6 49. Qxd6+ Kh7 50. Qe7+ Qg7 51. Qxg7+ Kxg7 52. Kd2 Kg6 53. Ke3 Rf1 54. Nf2 Rc1 55. Ncd1 Rxc4 56. Kxf3 Rxb4 57. Nd3 Rb3 58. Ke2 Kf6 59. Ne3 1-0


[Site "https://www.chess.com"]

[Event "Titled Tuesday Blitz June 13 Early 2023"]
[White "Musovic, Armin"]
[Black "drdaro"]
[WhiteFideId "939935"]
[WhiteElo "2322"]
[BlackElo "2323"]
[Result "0-1"]
[Round "3"]
[TimeControl "180+2"]
[Date "2023.06.13"]
[WhiteClock "0:00:13"]
[BlackClock "0:00:12"]
[Board "192"]

1. a3 a6 2. Nc3 b5 3. e4 Bb7 4. Nf3 e6 5. d4 Nf6 6. Bd3 Be7 7. O-O O-O 8. Re1 c5 9. d5 exd5 10. exd5 d6 11. Bg5 Nxd5 12. Nxd5 Bxg5 13. Be4 Nc6 14. Nb6 Qxb6 15. Nxg5 h6 16. Qh5 Ne5 17. Rad1 Rad8 18. f4 Nc4 19. Rd3 Rde8 20. Rg3 Bxe4 21. Nxe4 d5 22. Qxd5 Nxb2 23. Kf1 Nc4 24. f5 Re5 25. Qd3 Rfe8 26. f6 g6 27. h4 Qc6 28. Rg4 h5 29. Rf4 Nd6 30. Nxd6 Rxe1+ 31. Kf2 R1e2+ 32. Qxe2 Rxe2+ 33. Kxe2 Qxd6 34. Re4 Qxf6 35. g4 Kg7 36. g5 Qf5 37. Re3 Qg4+ 38. Kd3 Qxh4 39. Re5 Qf4 40. Rxc5 h4 41. c4 h3 42. cxb5 axb5 43. Rc2 h2 44. Rc1 Qf3+ 45. Kc2 h1=Q 46. Rxh1 Qxh1 47. a4 Qe4+ 48. Kb3 Qxa4+ 49. Kc3 Qc4+ 50. Kb2 Kf8 51. Ka3 Ke7 52. Kb2 Kd6 53. Ka3 Kc5 54. Kb2 Kd4 55. Ka1 Qb4 56. Ka2 Kc3 0-1


[Site "https://www.chess.com"]

[Event "Titled Tuesday Blitz June 13 Early 2023"]
[White "Chernomordik, Pavel"]
[Black "MunichMouse"]
[WhiteFideId "2804530"]
[WhiteElo "2193"]
[BlackElo "2317"]
[Result "1-0"]
[Round "3"]
[TimeControl "180+2"]
[Date "2023.06.13"]
[WhiteClock "0:00:32"]
[BlackClock "0:00:00"]
[Board "193"]

1. e4 c5 2. Nc3 a6 3. g3 e5 4. Nf3 Nc6 5. Bg2 g6 6. d3 Bg7 7. Be3 d6 8. Nd5 Nge7 9. c3 Nxd5 10. exd5 Ne7 11. Nd2 h6 12. O-O Nf5 13. Re1 Nxe3 14. Rxe3 O-O 15. a4 b6 16. Nc4 f5 17. Re1 Ra7 18. a5 b5 19. Nb6 f4 20. Be4 Bf5 21. g4 Bxe4 22. dxe4 f3 23. Re3 Raf7 24. c4 b4 25. Kh1 Qh4 26. Qg1 Rf4 27. Qg3 Rxg4 28. Qxh4 Rxh4 29. Rg1 Kh7 30. Rg3 Rhf4 31. b3 h5 32. Na4 Bh6 33. Nb2 h4 34. Rg1 R4f7 35. Ree1 Bd2 36. Rd1 Bc3 37. Nd3 Bd4 38. Rg4 Rf4 39. Rdg1 Rxg4 40. Rxg4 Kg7 41. Rxh4 g5 42. Rg4 Kh6 43. h3 Kh5 44. Kh2 Rf7 45. Kg3 Rf8 46. Ne1 Rf6 47. Nxf3 Rf4 48. Rxg5+ Kh6 49. Rg4 Rf6 50. h4 Rf8 51. Kg2 Kh7 52. Ng5+ Kh6 53. f3 Be3 54. Ne6 Rf7 55. Kg3 Bd2 56. Rg8 Be1+ 57. Kg4 Kh7 58. Rd8 Rf6 59. h5 1-0


[Site "https://www.chess.com"]

[Event "Titled Tuesday Blitz June 13 Early 2023"]
[White "Rodriguez Santiago, Jaime"]
[Black "Ciorgovean, Iustin"]
[WhiteFideId "3100898"]
[BlackFideId "1242911"]
[WhiteElo "2025"]
[BlackElo "2186"]
[Result "0-1"]
[Round "3"]
[TimeControl "180+2"]
[Date "2023.06.13"]
[WhiteClock "0:00:16"]
[BlackClock "0:00:14"]
[Board "194"]

1. d4 Nf6 2. c4 e6 3. Nf3 c5 4. d5 d6 5. Nc3 g6 6. h3 Bg7 7. e4 O-O 8. Be2 Re8 9. O-O Na6 10. dxe6 Rxe6 11. Ng5 Re8 12. Bf4 h6 13. Nf3 Nxe4 14. Nxe4 Rxe4 15. Bxd6 Rxe2 16. Qxe2 Qxd6 17. Rad1 Qf8 18. b3 Be6 19. Qe4 Rb8 20. Ne5 Qe7 21. Nd7 Rd8 22. Qxb7 Rxd7 23. Rxd7 Qxd7 24. Qxa6 Bd4 25. Re1 Kg7 26. Re2 Qc7 27. Qa3 Qg3 28. Qc1 Bxh3 29. Qf1 Bf5 30. Rd2 Qf4 31. Rd1 Be4 32. Qe2 h5 33. b4 Bf5 34. b5 Bg4 35. Qe1 Bxf2+ 0-1


[Site "https://www.chess.com"]

[Event "Titled Tuesday Blitz June 13 Early 2023"]
[White "Balla, Tamas-Kristof"]
[Black "babbilator"]
[WhiteFideId "1208497"]
[WhiteElo "2334"]
[BlackElo "2310"]
[Result "1-0"]
[Round "3"]
[TimeControl "180+2"]
[Date "2023.06.13"]
[WhiteClock "0:00:14"]
[BlackClock "0:00:00"]
[Board "195"]

1. e4 c5 2. Nf3 e6 3. c3 d5 4. exd5 Qxd5 5. d4 Nf6 6. Be3 cxd4 7. cxd4 Nc6 8. Nc3 Qd8 9. Bd3 Be7 10. O-O b6 11. Qe2 Bb7 12. Rad1 O-O 13. Bb1 Rc8 14. a3 Nd5 15. Qd3 g6 16. Bh6 Re8 17. Ne4 Na5 18. Ne5 Nc6 19. Ba2 f6 20. Nxg6 hxg6 21. Nxf6+ Bxf6 22. Qxg6+ Kh8 23. Rd3 Rg8 24. Qe4 Nce7 25. Rh3 Rg6 26. Bg5+ Kg7 27. Bxf6+ Rxf6 28. Qh7+ Kf8 29. Rg3 1-0


[Site "https://www.chess.com"]

[Event "Titled Tuesday Blitz June 13 Early 2023"]
[White "Bagwe Gaurang"]
[Black "Jiganchine, Roman"]
[WhiteFideId "45039895"]
[BlackFideId "2603667"]
[WhiteElo "1847"]
[BlackElo "2301"]
[Result "1-0"]
[Round "3"]
[TimeControl "180+2"]
[Date "2023.06.13"]
[WhiteClock "0:01:49"]
[BlackClock "0:00:03"]
[Board "196"]

1. d4 d5 2. Nf3 Nf6 3. e3 c5 4. b3 Nc6 5. Bb2 e6 6. Bd3 Bd6 7. O-O O-O 8. Nbd2 b6 9. Ne5 Bb7 10. f4 Rc8 11. Qe2 cxd4 12. exd4 Nb4 13. Rf3 Nxd3 14. Qxd3 Ne4 15. Rh3 g6 16. Rf1 Qc7 17. Nxe4 dxe4 18. Qg3 Bxe5 19. fxe5 Qxc2 20. Ba3 e3 21. Bxf8 e2 22. Re1 Rxf8 23. Qe3 Ba6 24. Qh6 g5 25. Rg3 f6 26. exf6 Bd3 27. Qg7# 1-0


[Site "https://www.chess.com"]

[Event "Titled Tuesday Blitz June 13 Early 2023"]
[White "Mika, Tomasz"]
[Black "Bolanos, Fernando"]
[WhiteFideId "1132970"]
[BlackFideId "3304094"]
[WhiteElo "2186"]
[BlackElo "2097"]
[Result "1-0"]
[Round "3"]
[TimeControl "180+2"]
[Date "2023.06.13"]
[WhiteClock "0:01:01"]
[BlackClock "0:00:28"]
[Board "197"]

1. d4 d5 2. Bf4 Nf6 3. Nf3 e6 4. e3 Bd6 5. Bg3 O-O 6. Nbd2 c5 7. c3 Qc7 8. Bd3 Nbd7 9. Bxd6 Qxd6 10. Qe2 e5 11. dxe5 Nxe5 12. Nxe5 Qxe5 13. Nf3 Qc7 14. h3 Bd7 15. O-O Rfe8 16. Rfd1 Bc6 17. Qc2 Rad8 18. Rd2 Re7 19. Be2 Ne4 20. Rdd1 Rd6 21. Bd3 Nf6 22. Nh4 g6 23. Nf3 Kg7 24. Rd2 Red7 25. Rad1 Re7 26. a3 b6 27. Be2 Ne4 28. Rd3 c4 29. Rd4 Qd7 30. Nd2 Ba4 31. b3 cxb3 32. Qb2 Nc5 33. c4 dxc4 34. Rxd6+ 1-0


[Site "https://www.chess.com"]

[Event "Titled Tuesday Blitz June 13 Early 2023"]
[White "Gonzalez Vega, Alejandro"]
[Black "Turzo, Attila"]
[WhiteFideId "3510042"]
[BlackFideId "704954"]
[WhiteElo "2295"]
[BlackElo "2480"]
[Result "0-1"]
[Round "3"]
[TimeControl "180+2"]
[Date "2023.06.13"]
[WhiteClock "0:00:00"]
[BlackClock "0:00:16"]
[Board "198"]

1. e4 d6 2. d4 Nf6 3. Nc3 g6 4. Bg5 Bg7 5. Qd2 c6 6. f3 b5 7. O-O-O Nbd7 8. Kb1 Nb6 9. d5 b4 10. Nce2 cxd5 11. exd5 Nfxd5 12. Nd4 Bd7 13. Nh3 h6 14. Bh4 O-O 15. Bf2 Na4 16. Nb3 Bxb2 17. Bd4 Bxd4 18. Qxd4 Ndc3+ 19. Ka1 Nxd1 20. Qxd1 Qb6 21. Qd4 Qxd4+ 22. Nxd4 e5 23. Nb3 d5 24. Bd3 f5 25. Rd1 Rad8 26. Nf2 Nc3 27. Re1 e4 28. Bf1 Rfe8 29. Nd4 exf3 30. Nxf3 Rxe1+ 31. Nxe1 a5 32. Bd3 Kg7 33. Kb2 Kf6 34. a3 g5 35. axb4 axb4 36. Kb3 Rb8 37. Nf3 Ba4+ 38. Kb2 Ne4 39. Nd1 b3 40. c3 Nd6 41. Nd4 Nc4+ 42. Bxc4 dxc4 43. Ne3 f4 44. Nxc4 Bd7 45. Nd6 Be6 46. Ne4+ Ke5 47. Nd2 Bd5 0-1


[Site "https://www.chess.com"]

[Event "Titled Tuesday Blitz June 13 Early 2023"]
[White "Zhukov, Maksim"]
[Black "Bruedigam, Martin"]
[WhiteFideId "34181790"]
[BlackFideId "24608033"]
[WhiteElo "1925"]
[BlackElo "2331"]
[Result "1/2-1/2"]
[Round "3"]
[TimeControl "180+2"]
[Date "2023.06.13"]
[WhiteClock "0:00:17"]
[BlackClock "0:00:14"]
[Board "199"]

1. d4 Nf6 2. Bf4 d5 3. e3 c5 4. c3 Nc6 5. Nd2 cxd4 6. exd4 Bg4 7. Qb3 Qc8 8. Ngf3 e6 9. Ne5 Bf5 10. Bb5 Nd7 11. Bxc6 bxc6 12. Nxd7 Qxd7 13. O-O Be7 14. Nf3 f6 15. Qa4 O-O 16. b4 Qb7 17. Qb3 Rfe8 18. a3 a5 19. h3 Kf7 20. Rfe1 g5 21. Bg3 Bd3 22. Nd2 Qa6 23. Qd1 Bf8 24. Nb3 a4 25. Nc5 Bxc5 26. dxc5 Bg6 27. h4 h6 28. hxg5 hxg5 29. Qe2 Qxe2 30. Rxe2 Bd3 31. Re3 Bc4 32. f3 e5 33. Rd1 Rh8 34. Kf2 Rh5 35. Ree1 Rah8 36. Re3 Ke6 37. Ree1 Kf5 38. Re3 g4 39. fxg4+ Kxg4 40. Rde1 e4 41. Rxe4+ dxe4 42. Rxe4+ Kf5 43. Rxc4 Ke6 44. Re4+ Kf7 45. Rd4 Rf5+ 46. Bf4 Rg8 47. Kf3 Rd5 48. Rxd5 cxd5 49. b5 Ke6 50. c6 Rc8 51. b6 Rxc6 52. b7 Rxc3+ 53. Ke2 Rb3 54. b8=Q Rxb8 55. Bxb8 Kf5 56. Bd6 Ke4 57. Be7 f5 58. Bc5 f4 59. Bf8 d4 60. Bb4 d3+ 61. Kd2 f3 62. gxf3+ Kxf3 63. Kxd3 Kf4 64. Kd4 Kf5 65. Kd5 Kf6 66. Kd6 Kf7 67. Kd7 Kf6 68. Bd6 Kf7 69. Kc6 Ke6 70. Bc7 Ke7 71. Kb5 Kd7 72. Bb6 Kc8 73. Kxa4 Kb7 1/2-1/2


[Site "https://www.chess.com"]

[Event "Titled Tuesday Blitz June 13 Early 2023"]
[White "Hristodoulou, Panagiotis"]
[Black "Vasques, Antonio Pedro Freixial"]
[WhiteFideId "4214340"]
[BlackFideId "1908332"]
[WhiteElo "2272"]
[BlackElo "2212"]
[Result "1-0"]
[Round "3"]
[TimeControl "180+2"]
[Date "2023.06.13"]
[WhiteClock "0:01:00"]
[BlackClock "0:00:27"]
[Board "200"]

1. e4 c5 2. Nf3 d6 3. d4 cxd4 4. Nxd4 Nf6 5. Nc3 a6 6. Be2 e6 7. Be3 Be7 8. g4 O-O 9. g5 Nfd7 10. h4 Nc6 11. Qd2 Nde5 12. O-O-O b5 13. a3 Bb7 14. Nxc6 Bxc6 15. f4 Nc4 16. Bxc4 bxc4 17. h5 f5 18. gxf6 Bxf6 19. h6 g6 20. Bd4 Rb8 21. Bxf6 Qxf6 22. Rhf1 Bxe4 23. Qxd6 Bd5 24. f5 Rfd8 25. Qg3 Kh8 26. fxe6 Qxe6 27. Nxd5 1-0


[Site "https://www.chess.com"]

[Event "Titled Tuesday Blitz June 13 Early 2023"]
[White "Samaganova, Aleksandra"]
[Black "Khamdamova, Afruza"]
[WhiteFideId "13800221"]
[BlackFideId "14210444"]
[WhiteElo "1858"]
[BlackElo "2312"]
[Result "0-1"]
[Round "3"]
[TimeControl "180+2"]
[Date "2023.06.13"]
[WhiteClock "0:00:00"]
[BlackClock "0:02:21"]
[Board "201"]

1. c4 e6 2. Nc3 d5 3. e3 Nf6 4. Nf3 Be7 5. d4 O-O 6. cxd5 exd5 7. Bd3 c6 8. Qc2 Nbd7 9. O-O Re8 10. h3 Nf8 11. e4 dxe4 12. Nxe4 Nxe4 13. Bxe4 Be6 14. Rd1 Bf6 15. b3 Bd5 16. Bxd5 Qxd5 17. Bb2 Rad8 18. Rd2 Ne6 19. Rad1 Nf4 20. Qc3 Ne2+ 21. Rxe2 Rxe2 22. Rd2 Rde8 23. Rxe2 Rxe2 24. Bc1 h6 25. Bf4 Rxa2 26. Kh2 Rxf2 27. Bg3 Re2 28. Qd3 Qe4 29. Qc3 Bxd4 30. Qd3 Qxd3 0-1


[Site "https://www.chess.com"]

[Event "Titled Tuesday Blitz June 13 Early 2023"]
[White "Sanhueza, Cristian"]
[Black "Antonio, Jorge Carlos"]
[WhiteFideId "116815"]
[BlackFideId "113190"]
[WhiteElo "2174"]
[BlackElo "2247"]
[Result "1-0"]
[Round "3"]
[TimeControl "180+2"]
[Date "2023.06.13"]
[WhiteClock "0:00:24"]
[BlackClock "0:00:00"]
[Board "202"]

1. e4 c5 2. Nf3 e6 3. d4 cxd4 4. Nxd4 a6 5. c4 Nc6 6. Nc3 Nf6 7. a3 Bc5 8. Nxc6 bxc6 9. b4 Be7 10. Bd3 e5 11. O-O d6 12. h3 h6 13. Be3 Be6 14. Rc1 O-O 15. Qf3 Qd7 16. Rfd1 Qb7 17. Qe2 Rfd8 18. Bb1 Rac8 19. Na4 Rb8 20. Nc3 Ra8 21. Ba2 Rac8 22. Rd2 Ra8 23. Rcd1 Qc7 24. f3 Rab8 25. Na4 Rbc8 26. Rd3 Rb8 27. c5 d5 28. exd5 cxd5 29. Bf2 d4 30. Bxe6 fxe6 31. Qa2 Nd5 32. Nb6 Bf6 33. Nxd5 Rxd5 34. Bg3 Qc6 35. Qc4 Qb5 36. Qxb5 axb5 37. Rc1 Ra8 38. Rc2 Ra6 39. Ra2 Rc6 40. Kf2 Rd7 41. Ke2 Ra7 42. Kd2 Kf7 43. Kc2 g6 44. Kb3 Ke7 45. a4 bxa4+ 46. Rxa4 Rca6 47. Rxa6 Rxa6 48. Rd2 Kd7 49. b5 Ra1 50. b6 Kc6 51. Rc2 Rb1+ 52. Kc4 Rb5 53. Kd3 1-0


[Site "https://www.chess.com"]

[Event "Titled Tuesday Blitz June 13 Early 2023"]
[White "Vyatkin, Dmitry"]
[Black "Liu, Kelsey"]
[WhiteFideId "4171900"]
[BlackFideId "30944481"]
[WhiteElo "2279"]
[BlackElo "2262"]
[Result "1-0"]
[Round "3"]
[TimeControl "180+2"]
[Date "2023.06.13"]
[WhiteClock "0:01:17"]
[BlackClock "0:00:50"]
[Board "203"]

1. d4 Nf6 2. c4 e6 3. g3 Be7 4. Nf3 O-O 5. Bg2 d5 6. O-O dxc4 7. Qc2 a6 8. Qxc4 b5 9. Qc2 Bb7 10. Bd2 Nbd7 11. Ba5 Qc8 12. b4 Nb6 13. Nbd2 Nbd5 14. a3 c6 15. Rac1 Bd8 16. Nb3 Bxa5 17. Nxa5 Ne7 18. Ne5 Nfd5 19. Nexc6 Nxc6 20. Nxc6 Qe8 21. Na5 Rc8 22. Qd2 Ba8 23. e4 Nf6 24. Qe3 Qd7 25. Rc5 Rfd8 26. Rfc1 Rxc5 27. dxc5 Ng4 28. Qe2 Ne5 29. h3 Qd3 30. Qxd3 Rxd3 31. c6 Rd8 32. f4 Ng6 33. e5 Kf8 34. c7 1-0


[Site "https://www.chess.com"]

[Event "Titled Tuesday Blitz June 13 Early 2023"]
[White "Palczert, Matyas"]
[Black "Al Mukhaini, Shima"]
[WhiteFideId "784958"]
[BlackFideId "22005854"]
[WhiteElo "2224"]
[BlackElo "2261"]
[Result "1-0"]
[Round "3"]
[TimeControl "180+2"]
[Date "2023.06.13"]
[WhiteClock "0:01:13"]
[BlackClock "0:00:19"]
[Board "204"]

1. e4 g6 2. d4 Bg7 3. Nf3 b6 4. c4 Bb7 5. Nc3 e6 6. Be2 d6 7. O-O Ne7 8. Be3 Nd7 9. Qd2 O-O 10. Bh6 Bxh6 11. Qxh6 f6 12. Rad1 Qe8 13. Qh3 Qf7 14. d5 Qg7 15. Qxe6+ Rf7 16. Qxd7 Qh6 17. Qh3 Qxh3 18. gxh3 Rg7 19. Nd4 g5 20. Ne6 Rg6 21. Nxc7 Rc8 22. Ne6 f5 23. Nb5 g4 24. hxg4 fxg4 25. Nxd6 Rd8 26. Nxb7 Rb8 27. d6 Rxb7 28. dxe7 Rxe7 29. Nf4 Rgg7 30. Nd5 Rxe4 31. Nf6+ Kf7 32. Nxe4 Ke6 33. Ng3 Ke5 34. Rd5+ Ke6 35. Rfd1 Kf6 36. Rd6+ Kf7 37. Rd7+ Kg6 38. R1d6+ Kg5 39. Rxg7+ Kf4 40. Rd5 h5 41. Rf5# 1-0


[Site "https://www.chess.com"]